 Dungeon Crawl Stone Soup version 0.26-a0-317-ge2f3d4a7ca (webtiles) character file.

Game seed: 13991325071704299631

619 ANON1729 the Conjurer (level 7, -3/50 HPs)
             Began as a White Draconian Conjurer on July 16, 2020.
             Slain by an orc warrior
             ... wielding a +0 falchion
              (20 damage)
             ... on level 4 of the Dungeon.
             The game lasted 00:15:34 (5831 turns).

ANON1729 the Conjurer (White Draconian Conjurer)    Turns: 5831, Time: 00:15:35

Health: -3/50      AC:  7    Str:  9    XL:     7   Next: 21%
Magic:  7/13       EV: 13    Int: 21    God:
Gold:   82         SH:  0    Dex:  9    Spells: 4/14 levels left

rFire    . . .     SeeInvis .   o - staff of poison (curse)
rCold    + . .     Faith    .   (no shield)
rNeg     . . .     Spirit   .   (armour unavailable)
rPois    +         Reflect  .   (helmet restricted)
rElec    .         Harm     .   (no cloak)
rCorr    .                      (no gloves)
MR       .....                  p - +0 pair of boots (curse)
Stlth    ++........             (no amulet)
HPRegen  0.16/turn              (no ring)
MPRegen  0.13/turn              (no ring)

@: no status effects
A: breathe frost, unfitting armour, cold resistance 1, cold-blooded, AC +6
a: Breathe Frost


You were on level 4 of the Dungeon.
You visited 1 branch of the dungeon, and saw 5 of its levels.

You collected 277 gold pieces.
You spent 195 gold pieces at shops.

Inventory:

Hand Weapons
 s - a +3 whip
Armour
 p - a cursed +0 pair of boots (worn)
Magical Staves
 o - a cursed staff of poison (weapon)
Jewellery
 q - an uncursed amulet of magic regeneration {unknown}
Wands
 n - a wand of flame (8)
 v - a wand of digging (7)
Scrolls
 a - a scroll of amnesia {unknown}
 b - a scroll of magic mapping {unknown}
 c - 4 scrolls of teleportation {unknown}
 d - 3 scrolls of fear {unknown}
 e - 5 scrolls of identify {unknown}
 f - 6 scrolls of remove curse {unknown}
 i - 2 scrolls of enchant weapon {unknown}
 j - a scroll of enchant armour {unknown}
 l - a scroll of immolation {unknown}
 r - a scroll of fog {unknown}
 t - 2 scrolls of noise {unknown}
 u - a scroll of blinking {unknown}
Potions
 g - 3 potions of invisibility {unknown}
 h - 3 potions of curing {unknown}
 k - a potion of cancellation {unknown}
 m - a potion of magic {unknown}


   Skills:
 + Level 3.2 Dodging
 + Level 3.5 Stealth
 * Level 4.1 Spellcasting
 * Level 5.7 Conjurations
 + Level 2.1 Hexes


You had 4 spell levels left.
You knew the following spells:

 Your Spells              Type           Power        Failure   Level
a - Magic Dart            Conj           ####         1%          1
b - Searing Ray           Conj           ####..       1%          2
c - Dazzling Flash        Conj/Hex       ###...       7%          3
d - Fulminant Prism       Conj/Hex       ###.......   22%         4

Your spell library contained the following spells:

 Spells                   Type           Power        Failure   Level
 Iskenderun's Mystic Bla  Conj/Tloc      ###.....     34%         4


Dungeon Overview and Level Annotations

Branches:
Dungeon (5/15)
 Temple: D:4-7

Altars:
Ashenzari
Elyvilon
Fedhas
Hepliaklqana
Xom
Yredelemnul
The Shining One

Shops:
D:4 [*[:

Annotations:
D:5 1 runed translucent door, Crazy Yiuf


Innate Abilities, Weirdness & Mutations

You can breathe waves of freezing cold.
You can buffet flying creatures when you breathe cold.
Your icy white scales are hard. (AC +6)
You cannot fit into any form of body armour.
Your flesh is cold resistant. (rC+)
You are cold-blooded and may be slowed by cold attacks.


Message History

Confirm with . or Enter, or press ? or * to list all spells.
The spell is quite dangerous to cast (22% risk of failure)!
Continue anyway?
Aiming: Fulminant Prism (quite dangerous; 22% risk of failure)
Press: ? - help, Dir - move target cursor, p - orc warrior You conjure a prism of explosive energy!
A fulminant prism comes into view.
The orc warrior hits you with a +0 falchion.
* * * LOW HITPOINT WARNING * * *
Your fulminant prism crackles loudly.
Your fulminant prism explodes!
The blast of energy engulfs the orc warrior!
The orc warrior is moderately wounded.
Press: ? - help, v - describe, . - travel
Here: an orc warrior, wielding a +0 falchion, wearing a cursed +0 chain mail and wearing a +0 kite shield (moderately wounded)
The floor.
Unknown command.
You have got your breath back.
There is a stone staircase leading up here.
The orc warrior hits you with a +0 falchion!!
You die...

##.......>......######.# #
#.#.............##.....##
#
#....................#..#
#
##......##........####..##
## #....######....###
##..# #. #...## #....#
##.#####. #..## ##...#
#....... ##.# #.o.#
##.###### #.# ##@.## #.##
# #.# #...# ### #.# #####
#.# ###


You could see an orc warrior.

Vanquished Creatures
  Menkaure (D:5)
  2 ogres
  A scorpion (D:4)
  A hound (D:4)
  Terence (D:2)
  4 worker ants
  3 gnolls (D:4)
  An adder (D:3)
  A howler monkey skeleton (D:3)
  2 worms
  2 dart slugs
  5 leopard geckos
  2 orcs
  A ball python (D:1)
  6 bats
  2 giant cockroaches (D:1)
  3 goblins
  11 hobgoblins
  4 jackals (D:1)
  5 kobolds
  A quokka (D:3)
  2 frilled lizards
  A leopard gecko skeleton (D:4)
  3 rats
65 creatures vanquished.

Vanquished Creatures (others)
  A fulminant prism (D:4)
1 creature vanquished.

Grand Total: 66 creatures vanquished

Notes
Turn   | Place    | Note
-------+----------+-------------------------------------------
     0 | D:1      | ANON1729 the Draconian Conjurer began the quest for the
                  | Orb.
     0 | D:1      | Reached XP level 1. HP: 14/14 MP: 3/3
   226 | D:1      | Reached XP level 2. HP: 8/20 MP: 0/5
  1303 | D:1      | Reached XP level 3. HP: 26/26 MP: 1/6
  1675 | D:2      | Noticed Terence
  1892 | D:2      | Learned a level 2 spell: Searing Ray
  1896 | D:2      | Learned a level 3 spell: Dazzling Flash
  2276 | D:2      | Killed Terence
  2451 | D:3      | Reached XP level 4. HP: 33/33 MP: 4/8
  2591 | D:3      | Found a faded altar of an unknown god.
  2682 | D:3      | Found a shimmering altar of Xom.
  2683 | D:3      | Found a hazy altar of Hepliaklqana.
  2684 | D:3      | Noticed a spectral ugly thing
  2684 | D:3      | Noticed an ogre
  2885 | D:3      | Found a glowing golden altar of the Shining One.
  3457 | D:4      | Noticed an ogre
  3465 | D:4      | Killed an ogre
  3465 | D:4      | Reached skill level 1 in Hexes
  3465 | D:4      | Reached XP level 5. HP: 38/38 MP: 0/9
  3471 | D:4      | Learned a level 4 spell: Fulminant Prism
  3710 | D:4      | Found a white marble altar of Elyvilon.
  3714 | D:4      | Found a shattered altar of Ashenzari.
  3822 | D:4      | Reached skill level 5 in Conjurations
  3996 | D:4      | Found Jarutt's Book Shop.
  4006 | D:4      | Found Asmam's Antique Armour Boutique.
  4009 | D:4      | Bought a pair of embroidered boots for 195 gold pieces
  4470 | D:4      | Reached XP level 6. HP: 45/45 MP: 5/11
  4737 | D:4      | Found Ashexko's Assorted Antiques.
  4873 | D:4      | Found Taot's Armour Boutique.
  5001 | D:4      | Found a basalt altar of Yredelemnul.
  5220 | D:5      | Entered Level 5 of the Dungeon
  5258 | D:5      | Found a runed translucent door.
  5259 | D:5      | Noticed Crazy Yiuf
  5318 | D:5      | Found a blossoming altar of Fedhas.
  5367 | D:5      | Noticed Menkaure
  5373 | D:5      | Killed Menkaure
  5539 | D:5      | Your scales start taking on an icy white colour.
  5539 | D:5      | Reached XP level 7. HP: 48/50 MP: 6/13
  5539 | D:5      | Gained mutation: Your flesh is cold resistant. (rC+) [White
                  | Draconian growth]
  5831 | D:4      | Slain by an orc warrior

Illustrated notes

Levels and vault maps discovered:
D:1:      minmay_arrival_cross, layout_basic, minmay_heptomino_o4
D:2:      layout_basic, uniq_terence
D:3:      layout_loops_cross, regret_index_temple_of_mockery, tso_oasis_becter,
          chequers_ecumenical_altar_grove
D:4:      layout_layer_cave, nicolae_overflow_hidden_temple, serial_shops,
          shop_statue, shop, nicolae_shop_behind_doors, shop
D:5:      layout_gridville, lemuel_crystal_altar, kennysheep_mini_moat,
          kennysheep_minor_cross, sword_in_stone, uniq_eustachio, uniq_menkaure,
          uniq_crazy_yiuf_cottage

Skill      XL: |  1  2  3  4  5  6 |
---------------+-------------------+-----
Stealth        | 2 3 |  3.5
Dodging        | 2 3 |  3.2
Spellcasting   | 3 4 |  4.1
Hexes          | 1 2 |  2.1
Conjurations   | 5 |  5.7

Action                   |  1- 3 |  4- 6 |  7- 9 || total
-------------------------+-------+-------+-------++-------
Melee: Unarmed           |    86 |    15 |       ||   101
       Tailslap          |     6 |     3 |       ||     9
       Staff             |       |     4 |       ||     4
 Cast: Magic Dart        |    50 |    49 |     1 ||   100
       Searing Ray       |     2 |    10 |     2 ||    14
       Fulminant Prism   |       |       |     1 ||     1
 Abil: Breathe Frost     |       |       |     3 ||     3
 Stab: Sleeping          |     3 |       |       ||     3
Armor: Skin              |    61 |     8 |       ||    69
Dodge: Dodged            |    98 |    20 |     2 ||   120

Table legend:
 A = Non-vault XP
 B = Vault XP
 C = Vault XP percentage of total XP
 D = Non-vault monster count
 E = Vault monster count
 F = Vault count percentage of total count
                 A         B        C        D         E       F
            +---------+---------+-------+---------+---------+-------
      Total |     676 |     209 |  23.6 |      61 |       4 |   6.2
            +---------+---------+-------+---------+---------+-------
        D:1 |      44 |       4 |   8.3 |      23 |       2 |   8.0
        D:2 |      10 |      36 |  78.3 |       4 |       1 |  20.0
        D:3 |      60 |       0 |   0.0 |      17 |       0 |   0.0
        D:4 |     395 |       0 |   0.0 |      12 |       0 |   0.0
        D:5 |     167 |     169 |  50.3 |       5 |       1 |  16.7
            +---------+---------+-------+---------+---------+-------
